Unix NetHack Version 5.0.0-0 post-release - last build Jun 10 2026 00:39:30 (3ee93aec679c4c4259841fe613dc97188e26a321,branch:main).

Game began 2026-06-29 13:20:23, ended 2026-06-29 14:06:55.

Ch3Begorrah, chaotic female human Rogue

           -----------     ----------------          ------------
           |.........|    #.*.....{.`.....|        # |..........|
           |.........|    #|..............|      ### |.Y........|
          #.....{....|   ##-----------|----       ###..Z@<d.....+
          #---.-------   #           ##0          #  |........(.|
          ##  ##        ##         ####           #  -----.------
           #   #        #          #  ##       ####
           ##  ####     #         ##   #     ###
            #     ##    #   #######    #     ###
      ------%      #    #  ##----------.--  ## #
      |....|#      #    #    |...........| ##
      |.....#      ##   #    |...........-##
      |....|       -.---#    |...........|
      ------       |...|#    -------------
                   |.`.|#
                   |<...#
                   |...|
                   -----

Ch3Begorrah the Rogue   St:14 Dx:18 Co:13 In:11 Wi:9 Ch:11  Chaotic
Dlvl:8  $:755 HP:0(58) Pw:27(27) AC:1  Xp:7 T:4292 

Latest messages:
 The ape hits the little dog.
 The ape bites the little dog.
 The ice-cold blade freezes the ape!
 You kill the ape!
 Your little dog eats an ape corpse.
 You swap places with your little dog.
 You swap places with your little dog.
 You hear some noises in the distance.
 You see here a chest.
 What do you want to use or apply? [ejqruDGHRY or ?*] e
 In what direction? .
 There is a chest here; pick its lock? [ynq] (q) y
 You succeed in picking the lock.
 You have a little trouble removing a food ration.  Continue? [ynq] (q) y
 You have a little trouble removing W - a food ration (2 in total).
 s - a balsa wand.
 Your movements are slowed slightly because of your load.
 The lizard bites!
 The ice-cold blade freezes the lizard!
 The lizard bites!
 The ice-cold blade freezes the lizard!
 You kill the lizard!
 Your little dog eats a lizard corpse.
 The ice-cold blade hits the ghoul.
 The ghoul hits!
 You avoid harm.
 The ghoul hits again!
 The ice-cold blade hits the ghoul.
 The ice-cold blade hits the ghoul.
 The owlbear hits!
 The owlbear hits again!
 The owlbear grabs you!
 The owlbear hits!
 The owlbear hits again!
 You are being crushed.
 The ghoul hits!
 The ghoul hits again!
 What do you want to drink? [LX or ?*] ?
 You feel much better.
 Your movements are now unencumbered.
 The owlbear hits!
 The owlbear hits again!
 You are being crushed.
 You cannot escape from the owlbear!
 The owlbear hits!
 The owlbear hits again!
 You are being crushed.
 The ghoul hits!
 You die...
 Do you want your possessions identified? [ynq] (y) q

Inventory:
 Coins    ('$')
  $ - 755 gold pieces
 Weapons  (')')
  b - 10 +0 daggers named ok (at the ready)
  E - a +1 elven dagger
  m - the +0 Frost Brand (weapon in right hand)
 Armor    ('[')
  T - an uncursed +0 pair of leather gloves (being worn)
  N - an uncursed +1 shield of shock resistance (being worn)
  O - an uncursed +0 cloak of displacement (being worn)
  U - an uncursed +0 Hawaiian shirt with a water nymph motif
  F - an uncursed +0 elven mithril-coat (being worn)
 Comestibles  ('%')
  c - 5 cursed apples
  W - 2 uncursed food rations
  a - 2 uncursed lembas wafers
 Scrolls  ('?')
  z - an uncursed scroll of confuse monster
  V - an uncursed scroll of destroy armor
  h - a cursed scroll of destroy armor
  y - a cursed scroll of destroy armor
  A - a blessed scroll of enchant armor
  p - an uncursed scroll of remove curse
  B - an uncursed scroll of remove curse
  o - an uncursed scroll of stinking cloud
 Potions  ('!')
  X - 2 cursed potions of extra healing
  L - 3 uncursed potions of healing named ok
 Rings    ('=')
  w - an uncursed ring of poison resistance
 Wands    ('/')
  r - a wand of locking (0:3)
  j - a wand of magic missile (0:3)
  s - a wand of stasis (0:5)
  D - a wand of teleportation (0:6)
  q - a wand of undead turning (0:3)
 Tools    ('(')
  G - an uncursed sack containing 4 items
  u - a magic flute (0:5)
  R - an uncursed blindfold named ok
  e - an uncursed lock pick
  H - an uncursed magic whistle
  Y - a cursed stethoscope
 Gems/Stones  ('*')
  g - 2 uncursed aquamarine stones
  Q - an uncursed garnet stone
  k - an uncursed topaz stone
  P - an uncursed worthless piece of black glass
  f - 2 uncursed worthless pieces of blue glass
  n - an uncursed worthless piece of green glass
  K - an uncursed worthless piece of orange glass
  i - an uncursed worthless piece of yellow glass
  l - an uncursed worthless piece of yellowish brown glass

Contents of the sack:
  1625 gold pieces
  an uncursed potion of water
  an uncursed potion of booze
  an uncursed potion of sickness

Ch3Begorrah the Rogue's attributes:

Background:
 You were a Rogue, level 7 female human.
 You were chaotic, nominally on a mission for Kos
 who was opposed by Issek (lawful) and Mog (neutral).
 You started out male.
 You were right-handed.
 You were in the Dungeons of Doom, on level 8.
 You entered the dungeon 4292 turns ago.
 There was a full moon in effect when your adventure ended.
 You had 875 experience points, 405 more were needed to attain level 8.

Basics:
 You had 0 out of 58 hit points.
 You had all 27 energy points (spell power).
 Your armor class was 1.
 Your wallet contained 755 zorkmids, and
 you had 1625 more stashed away in your pack.
 Autopickup was on for '$!/(' plus thrown, with exceptions.

Final Characteristics:
 Your strength was 14 (limit:18/100).
 Your dexterity was 18 (limit:18).
 Your constitution was 13 (limit:18).
 Your intelligence was 11 (limit:18).
 Your wisdom was 9 (limit:18).
 Your charisma was 11 (limit:18).

Final Status:
 You were held by an owlbear (northwest).
 You weren't hungry.
 You were unencumbered.
 You were wielding a long sword.
 You were skilled in long sword.

Final Attributes:
 You were piously aligned.
 You were cold resistant.
 Your items were protected from cold.
 You were shock resistant.
 Your items were protected from electric shocks.
 You were poison resistant.
 You were displaced.
 You were stealthy.
 You were guarded.
 You were lucky.
 You are dead.

Miscellaneous:
 You encountered 1 bones level.
 Total elapsed playing time was 46 minutes and 23 seconds.

Major events:
 Turn
    1: Ch3Begorrah the chaotic male human Rogue entered the dungeon
  584: attained the rank of Cutpurse (level 3)
  634: entered the Gnomish Mines
 1707: found Frost Brand on the floor
 2499: read a Discworld novel
 3260: attained the rank of Rogue (level 6)
 4292: killed by a ghoul

You didn't know any spells.

Skills:
 Fighting Skills
   bare handed combat [Unskilled]
   two weapon combat  [Unskilled]
   riding             [Unskilled]
 Weapon Skills
   dagger             [Basic]
   knife              [Unskilled]
   short sword        [Basic]
   broadsword         [Unskilled]
   long sword         [Skilled]
   two-handed sword   [Unskilled]
   saber              [Unskilled]
   club               [Unskilled]
   mace               [Unskilled]
   morning star       [Unskilled]
   flail              [Unskilled]
   hammer             [Unskilled]
   polearms           [Unskilled]
   spear              [Unskilled]
   crossbow           [Unskilled]
   dart               [Unskilled]
   shuriken           [Unskilled]
 Spellcasting Skills
   divination spells  [Unskilled]
   escape spells      [Unskilled]
   matter spells      [Unskilled]

Voluntary challenges:
 Character rerolling was not enabled.
 You followed a strict vegan diet.
 You were an atheist.
 You never genocided any monsters.
 You never polymorphed an object.
 You never changed form.
 You used no wishes.
Achievements:
 You entered a shop.
 You attained the rank of Cutpurse.
 You entered the Gnomish Mines.
 You read from a Discworld novel.
 You attained the rank of Rogue.

 The Dungeons of Doom: levels 1 to 8
    Level 1:
       A fountain.
    Level 2:
       A general store.
       Stairs down to The Gnomish Mines.
    Level 3:
       An armor shop, a fountain, a grave.
    Level 4: "SB"
       A fountain.
       Final resting place for
          pots164-Hea-Gno-Fem-Neu, killed by an arrow.
    Level 5:
    Level 6:
       A scroll shop, an altar to Kos, a fountain.
    Level 7:
       Many fountains.
       Oracle of Delphi.
    Level 8: <- You were here.
       Some fountains.
       Final resting place for
          you, killed by a ghoul.
 The Gnomish Mines:
    Level 3:


Vanquished creatures:
  a ghost
  a tengu
  8 leprechauns
  a lizard
  2 jaguars
 an ape
 an orc shaman
  a pony
  a fog cloud
  a shrieker
  2 gnome leaders
  a kobold mummy
  3 elf zombies
  a ghoul
  a baby crocodile
  2 giant ants
  a little dog
  a floating eye
  a kitten
  a dwarf
  a kobold shaman
  5 rothes
  a rabid rat
  a centipede
  a dwarf zombie
  a wererat
 an acid blob
  a coyote
  a gas spore
  2 hobbits
  2 manes
  2 large kobolds
  a giant rat
  4 cave spiders
  2 green molds
  2 garter snakes
  a gnome zombie
  4 geckos
  4 jackals
  a kobold
  2 goblins
  3 sewer rats
  6 grid bugs
  4 lichens
  a kobold zombie
  2 newts
88 creatures vanquished.

No species were genocided or became extinct.

Game over:
                       ----------
                      /          \
                     /    REST    \
                    /      IN      \
                   /     PEACE      \
                  /                  \
                  |   Ch3Begorrah    |
                  |     2380 Au      |
                  |   killed by a    |
                  |      ghoul       |
                  |                  |
                  |                  |
                  |       2026       |
                 *|     *  *  *      | *
        _________)/\\_//(\/(/\)/\//\/|_)_______

Goodbye Ch3Begorrah the Rogue...

You died in The Dungeons of Doom on dungeon level 8 with 6022 points,
and 2380 pieces of gold, after 4292 moves.
You were level 7 with a maximum of 58 hit points when you died.

